 Dungeon Crawl Stone Soup version 0.26.0-5-gb5863c6483 (webtiles) character file.

Game seed: 8790650388150489113

3921 Froggeryz the Basher (level 10, -1/68 HPs)
             Began as a Gargoyle Wanderer on Jan 10, 2021.
             Was a Priest of Okawaru.
             Slain by a komodo dragon (18 damage)
             ... on level 1 of the Lair of Beasts.
             The game lasted 00:11:51 (9330 turns).

Froggeryz the Basher (Gargoyle Wanderer)            Turns: 9330, Time: 00:11:52

Health: -1/68      AC: 17    Str: 18    XL:     10   Next: 20%
Magic:  10/10      EV: 10    Int: 13    God:    Okawaru [***...]
Gold:   493        SH:  0    Dex: 10    Spells: 9/9 levels left

rFire    . . .     SeeInvis +   v - +1 whip (elec)
rCold    . . .     Faith    .   (no shield)
rNeg     + . .     Spirit   .   g - +0 scale mail
rPois    ∞         Reflect  .   k - +0 helmet
rElec    +         Harm     .   (no cloak)
rCorr    +         Rampage  .   D - +1 pair of gloves
Will     .....                  (no boots)
Stlth    ..........             l - amulet of the acrobat
HPRegen  0.21/turn              F - ring of see invisible
MPRegen  0.12/turn              u - ring of resist corrosion

@: no status effects
A: negative energy resistance 1, electricity resistance, unbreathing,
petrification resistance, miasma immunity, AC +7
a: Renounce Religion, Heroism


You were on level 1 of the Lair of Beasts.
You worshipped Okawaru.
Okawaru was most pleased with you.
You visited 3 branches of the dungeon, and saw 10 of its levels.

You collected 493 gold pieces.

Inventory:

Hand Weapons
 v - a +1 whip of electrocution (weapon)
 A - a +2 mace of protection
Missiles
 j - 15 javelins (quivered)
 r - 14 curare-tipped darts
Armour
 g - a +0 scale mail (worn)
 i - the +6 buckler of Antique Leaves {rC+++ Str-5 Int-2 SInv}
   (You found it on level 4 of the Dungeon)

   It affects your strength (-5).
   It affects your intelligence (-2).
   It renders you almost immune to cold.
   It lets you see invisible.
 k - a +0 helmet (worn)
 D - a +1 pair of gloves (worn)
Jewellery
 l - an amulet of the acrobat (around neck)
 u - a ring of resist corrosion (right hand)
 F - a ring of see invisible (left hand)
Wands
 m - a wand of digging (4)
 z - a wand of paralysis (4)
Scrolls
 a - 2 scrolls of remove curse
 d - 7 scrolls of teleportation
 f - a scroll of amnesia
 n - 2 scrolls of fear
 t - 2 scrolls of enchant weapon
 y - 2 scrolls of identify
Potions
 b - 3 potions of brilliance
 c - 4 potions of lignification
 e - 5 potions of curing
 h - 2 potions of might
 o - a potion of ambrosia
 p - 3 potions of degeneration {unknown}
 s - 2 potions of berserk rage {unknown}
 w - 3 potions of haste
 x - 3 potions of flight {unknown}
 B - a potion of cancellation {unknown}


   Skills:
 + Level 9.9 Fighting
 - Level 1.7 Long Blades
 - Level 13.0 Maces & Flails
 - Level 1.0 Bows
 - Level 3.0 Armour
 - Level 1.5 Dodging
 - Level 2.1 Shields


You had 9 spell levels left.
You didn't know any spells.
Your spell library contained the following spells:

 Spells                   Type           Power        Failure   Level
 Foxfire                  Conj/Fire      0%           67%         1
 Conjure Flame            Conj/Fire      0%           96%         3
 Inner Flame              Hex/Fire       0%           96%         3
 Sticky Flame             Conj/Fire      0%           100%        4
 Fireball                 Conj/Fire      0%           100%        5


Dungeon Overview and Level Annotations

Branches:
Dungeon (8/15)             Temple (1/1) D:5            Lair (1/6) D:8

Altars:
Ashenzari
Cheibriados
Dithmenos
Elyvilon
Fedhas
Hepliaklqana
Kikubaaqudgha
Makhleb
Okawaru
Qazlal
Ru
Sif Muna
Trog
Uskayaw
Vehumet
Wu Jian
Xom
Yredelemnul
Zin
The Shining One

Shops:
D:8 [


Innate Abilities, Weirdness & Mutations

You are resistant to torment.
Your stone body is resilient. (AC +7)
You are immune to poison.
You resist negative energy. (rN+)
You are resistant to electric shocks. (rElec)
You can survive without breathing.
You are immune to petrification.
You are immune to miasma.


Message History

You closely miss the komodo dragon.
The komodo dragon is severely wounded.
The komodo dragon bites you.
You barely miss the komodo dragon.
The komodo dragon is severely wounded.
You hit the komodo dragon but do no damage.
The komodo dragon is severely wounded.
The komodo dragon bites you.
You barely miss the komodo dragon.
The komodo dragon is severely wounded.
You barely miss the komodo dragon.
The komodo dragon is severely wounded.
The komodo dragon bites you!
* * * LOW HITPOINT WARNING * * *
You barely miss the komodo dragon.
The komodo dragon is severely wounded.
You hit the komodo dragon but do no damage.
The komodo dragon is severely wounded.
The komodo dragon bites you!!
You die...

### ## ##
###P#####.#####.## #
.................. ...
....#....##......# .#
#...###.## #....## ..##
....###.### #...l.#....#
#.........# #...@......#
......#...# #....##....#
#...#####.# #....#.....#
#...#####†###..........#
#...##..#..##......#.###
#.................##
#......................
.......................
........................


You could see a komodo dragon.

Vanquished Creatures
  A hydra (Lair:1)
  A cane toad (Lair:1)
  Menkaure (D:6)
  An ice beast (D:7)
  An orc warrior (D:8)
  A sky beast (D:8)
  3 ogres
  3 centaurs
  3 bullfrogs
  A wyvern skeleton (D:8)
  3 scorpions
  5 killer bees (D:8)
  3 wights (D:6)
  2 electric eels (D:6)
  A centaur zombie (D:8)
  2 hounds (D:6)
  A quasit (D:6)
  4 orc priests
  3 jellies
  6 orc wizards
  A bullfrog skeleton (D:8)
  3 iguanas
  Terence (D:3)
  6 worker ants
  4 hound skeletons
  A howler monkey zombie (D:8)
  Robin (D:1)
  9 adders
  12 gnolls
  A howler monkey skeleton (D:8)
  A shadow imp (D:5)
  3 white imps
  An ufetubus (D:5)
  An ooze (D:1)
  3 dart slugs
  A leopard gecko (D:5)
  24 orcs
  A ball python (D:1)
  8 giant cockroaches
  13 goblins
  8 hobgoblins
  11 jackals
  4 quokkas
  8 bats
  3 frilled lizards
  A jackal skeleton (D:7)
  10 kobolds
  A leopard gecko skeleton (D:6)
  A leopard gecko zombie (D:8)
  5 rats
193 creatures vanquished.

Vanquished Creatures (others)
  An orc wizard (D:7)
  An orc (D:7)
  7 plants (D:6)
9 creatures vanquished.

Grand Total: 202 creatures vanquished

Notes
Turn   | Place    | Note
-------+----------+-------------------------------------------
     0 | D:1      | Froggeryz the Gargoyle Wanderer began the quest for the
                  | Orb.
     0 | D:1      | Froggeryz set off with the following items: a +2 falchion,
                  | a +0 ring mail, a potion of lignification
     0 | D:1      | Reached XP level 1. HP: 12/12 MP: 1/1
   192 | D:1      | Reached XP level 2. HP: 8/17 MP: 2/2
   384 | D:1      | Reached XP level 3. HP: 19/21 MP: 3/3
  1006 | D:1      | Reached skill level 1 in Maces & Flails
  1566 | D:2      | Reached XP level 4. HP: 15/27 MP: 4/4
  1765 | D:2      | Reached skill level 2 in Maces & Flails
  2059 | D:2      | Noticed Robin
  2328 | D:1      | Killed Robin
  2413 | D:2      | Reached XP level 5. HP: 27/32 MP: 5/5
  2537 | D:2      | Reached skill level 10 in Maces & Flails
  2537 | D:2      | Reached XP level 6. HP: 37/45 MP: 6/6
  3165 | D:3      | Noticed Terence
  3176 | D:3      | Killed Terence
  3338 | D:3      | Found a shimmering blue altar of Sif Muna.
  3712 | D:4      | Reached XP level 7. HP: 50/50 MP: 7/7
  4181 | D:4      | Got a fine buckler
  4187 | D:4      | Identified the +6 buckler of Antique Leaves {rC+++ Str-5
                  | Int-2 SInv} (You found it on level 4 of the Dungeon)
  4207 | D:5      | Entered Level 5 of the Dungeon
  4303 | D:5      | Found a sacrificial altar of Ru.
  4681 | D:5      | Found a staircase to the Ecumenical Temple.
  4778 | Temple   | Entered the Ecumenical Temple
  4827 | Temple   | Became a worshipper of Warmaster Okawaru
  4938 | D:5      | Found a glowing silver altar of Zin.
  5220 | D:6      | Reached XP level 8. HP: 46/56 MP: 8/8
  5443 | D:6      | Reached skill level 11 in Maces & Flails
  6165 | D:6      | Found a basalt altar of Yredelemnul.
  6317 | D:7      | Noticed Menkaure
  6333 | D:6      | Reached * piety under Okawaru
  6663 | D:6      | Reached XP level 9. HP: 59/61 MP: 9/9
  6980 | D:6      | Killed Menkaure
  7359 | D:7      | Reached ** piety under Okawaru
  7486 | D:7      | Found a shimmering altar of Xom.
  7538 | D:7      | Noticed a +0 dagger
  7538 | D:7      | Noticed a +0 dagger
  7539 | D:7      | Found a hide-covered altar of Uskayaw.
  7739 | D:7      | Found a blossoming altar of Fedhas.
  8258 | D:8      | Reached skill level 12 in Maces & Flails
  8823 | D:8      | Found Utucrued's Antique Armour Shop.
  8895 | D:8      | Found a staircase to the Lair.
  9014 | Lair:1   | Entered Level 1 of the Lair of Beasts
  9049 | Lair:1   | Noticed a six-headed hydra
  9059 | Lair:1   | Killed a six-headed hydra
  9060 | Lair:1   | Reached skill level 13 in Maces & Flails
  9060 | Lair:1   | Reached XP level 10. HP: 48/66 MP: 7/10
  9151 | Lair:1   | Noticed a cane toad
  9165 | Lair:1   | Killed a cane toad
  9165 | Lair:1   | Reached *** piety under Okawaru
  9330 | Lair:1   | Slain by a komodo dragon

Illustrated notes

Levels and vault maps discovered:
D:1:      dpeg_arrival_yet_another_circle, layout_basic, st_stairs_5,
          minmay_small_reverse_x
D:2:      layout_loops_ring, uniq_robin
D:3:      layout_loops_ring, nicolae_overflow_hidden_temple, uniq_terence
D:4:      layout_rooms, hangedman_decor_opposing, item_on_display_a
D:5:      layout_layer_cave, marbit_many_paths, minmay_temple_entry_hall,
          nicolae_ru_the_path_less_chosen
D:6:      layout_basic, kennysheep_mini_moat, hangedman_abyss_or_decor_passed,
          abandoned_shop, serial_bayou_ford_a
D:7:      layout_basic, nicolae_overflow_crystal_walls, dancing_weapons_uskayaw,
          fedhas_altar_4, uniq_menkaure
D:8:      layout_rooms, lair_entry_dummy, serial_shops, shop
Temple:   eino_wide_crystal_templ
Lair:1:   layout_regular_city, serial_bayou_shore_a, minmay_lair_oklob_chamber

Skill      XL: |  1  2  3  4  5  6  7  8  9 |
---------------+----------------------------+-----
Fighting       | 2 3 8 9 |  9.9
Armour         | 3 |  3.0
Maces & Flails | 1 2 10 11 13 | 13.0
Long Blades    | |  1.7
Bows           | |  1.0
Dodging        | |  1.5
Shields        | |  2.1

Action                   |  1- 3 |  4- 6 |  7- 9 | 10-12 || total
-------------------------+-------+-------+-------+-------++-------
Melee: Falchion          |    61 |       |       |       ||    61
       Mace              |    59 |   296 |    37 |       ||   392
       Unarmed           |       |     5 |       |       ||     5
       Whip              |       |       |   444 |    31 ||   475
Throw: Javelin           |       |     1 |     2 |       ||     3
       Throwing net      |       |     1 |       |       ||     1
Invok: Heroism           |       |       |     1 |       ||     1
Evoke: Wand              |       |       |     1 |       ||     1
  Use: Scroll            |     4 |     1 |    11 |       ||    16
       Potion            |       |     1 |     1 |       ||     2
 Stab: Held in net/web   |       |     1 |       |       ||     1
Armor: Ring mail         |    64 |       |       |       ||    64
       Scale mail        |    17 |   217 |   228 |     4 ||   466
Dodge: Dodged            |    93 |   227 |   275 |     4 ||   599
       Rpst.: Falchion   |     8 |       |       |       ||     8
